 Dungeon Crawl Stone Soup version 0.30-a0-757-ga6a79fd877 (webtiles) character file.

Game seed: 7656668988360564307

22430 ytrimaz the Nimble (level 12, -2/103 HPs)
             Began as a White Draconian Berserker on Feb 9, 2023.
             Was a High Priest of Trog.
             Slain by a komodo dragon (12 damage)
             ... on level 3 of the Lair of Beasts.
             The game lasted 00:16:58 (12314 turns).

ytrimaz the Nimble (White Draconian Berserker)     Turns: 12314, Time: 00:16:59

Health: -2/103     AC: 10    Str: 20    XL:     12   Next: 62%
Magic:  12/12      EV: 21    Int:  8    God:    Trog [*****.]
Gold:   1128       SH:  0    Dex: 21    Spells: 11/11 levels left

rFire   . . .      SeeInvis .    l - +6 short sword (venom)
rCold   + . .      Faith    .    (no shield)
rNeg    . . .      Spirit   .    (body armour unavailable)
rPois   .          Reflect  .    (helmet restricted)
rElec   .          Harm     .    r - +1 cloak
rCorr   .          Rampage  .    (no gloves)
Will    .....                    (no boots)
Stlth   ++                       c - amulet of regeneration
HPRegen 1.17/turn                v - +6 ring of dexterity
MPRegen 0.13/turn                x - ring of flight

@: flying
A: breathe frost, AC +8, unfitting armour, cold resistance 1, cold-blooded
a: Breathe Frost, Renounce Religion, Berserk, Trog's Hand, Brothers in Arms


You were on level 3 of the Lair of Beasts.
You worshipped Trog.
Trog was extremely pleased with you.
You visited 4 branches of the dungeon, and saw 16 of its levels.
You also visited: Ice Cave.

You collected 1128 gold pieces.


Innate Abilities, Weirdness & Mutations

You can breathe waves of freezing cold which knock back foes.
Your icy white scales are hard. (AC +8)
You cannot fit into any form of body armour.
Your flesh is cold resistant. (rC+)
You are cold-blooded and may be slowed by cold attacks.


   Skills:
 + Level 8.6 Fighting
 - Level 8.0(11.1) Short Blades
 - Level 12.0(13.0) Long Blades
 - Level 6.4 Maces & Flails
 + Level 12.2 Dodging


You had 11 spell levels left.
You didn't know any spells.
Your spell library was empty.

Inventory:

Hand Weapons
 a - a +0 falchion
 l - a +6 short sword of venom (weapon)
   (You took it off Terence on level 2 of the Dungeon)
 J - the +6 shillelagh "Devastator" {shatter}
   (You found it on level 2 of the Lair of Beasts)
Missiles
 B - a throwing net
Armour
 r - a +1 cloak (worn)
   (You found it on level 5 of the Dungeon)
Jewellery
 c - an amulet of regeneration (around neck)
   (You found it on level 1 of the Dungeon)
 g - an amulet of the acrobat
   (You found it on level 1 of the Dungeon)
 t - an amulet of faith
   (You found it on level 5 of the Dungeon)
 v - a +6 ring of dexterity (left hand)
   (You found it on level 5 of the Dungeon)
 x - a ring of flight (right hand)
   (You found it on level 6 of the Dungeon)
 C - a ring of willpower
   (You found it on level 9 of the Dungeon)
 H - a ring of resist corrosion
   (You found it on level 1 of the Lair of Beasts)
Wands
 j - a wand of flame (39) (quivered)
   (You found it on level 5 of the Dungeon)
 s - a wand of paralysis (14)
   (You took it off Amaemon on level 8 of the Dungeon)
 F - a wand of digging (3)
   (You found it on level 1 of the Lair of Beasts)
 I - a wand of polymorph (9)
   (You found it on level 1 of the Lair of Beasts)
 K - a wand of mindburst (11)
   (You found it on level 2 of the Lair of Beasts)
 L - a wand of roots (4)
   (You found it on level 2 of the Lair of Beasts)
Scrolls
 f - 4 scrolls of brand weapon
 n - 5 scrolls of poison
 q - 4 scrolls of teleportation
 y - a scroll of fear
 D - a scroll of enchant weapon
 G - 4 scrolls of identify
Potions
 b - a potion of invisibility {unknown}
 d - 2 potions of resistance
 e - 4 potions of haste
 h - 2 potions of heal wounds
 i - 3 potions of might
 k - 5 potions of attraction
 m - 3 potions of ambrosia
 o - 6 potions of curing
 p - 2 potions of lignification {unknown}
 u - 2 potions of mutation {unknown}
 w - 2 potions of flight
 z - a potion of cancellation {unknown}
 A - a potion of berserk rage {unknown}
 E - a potion of brilliance {unknown}

Dungeon Overview and Level Annotations

Branches:
Dungeon (11/15) Zot: 26634  Temple (1/1) D:5 Zot: 5826    Lair (3/5) D:9 Zot: 15023
 Shoals (0/4) Lair:3       Spider (1/4) Lair:2 Zot: 5998     Orc (0/2) D:9
  IceCv (visited)

Altars:
Ashenzari
Cheibriados
Dithmenos
Elyvilon
Fedhas
Gozag
Hepliaklqana
Kikubaaqudgha
Makhleb
Nemelex Xobeh
Okawaru
Qazlal
Ru
Sif Muna
Trog
Uskayaw
Vehumet
Wu Jian
Xom
Yredelemnul
Zin
The Shining One

Shops:
D:5 [   D:9 [

Annotations:
D:10 2 runed translucent doors, cforsyth's ghost, journeyman TeSu
D:11 Psyche
Lair:3 exclusions: hydra and oklob plant

~...........~~~≈≈≈≈≈≈P~
~~.........~~P~~≈≈≈≈~PP
~.........P~P~~~P~≈≈PP♣
~~.........~~P~~~~~~♣
~.~#......~P~P~~~~♣
.~##............♣♣♣♣
...#..............P♣
...#....P.....|lP.##
........##.....#@.##
...#....######F#..P#
..#.....#####.##..##
.#.#..............#
...^..............##
..................P#
..................##
...................#
........##.##P....##


You could see a komodo dragon (extremely poisoned).


Message History

😮 HP[-4]
You take 4 damage, and now have 75/103 hp.
You feel very sick. 😮 HP[-2]
You take 2 damage, and now have 73/103 hp.
You are too injured to fight recklessly!
You are too injured to fight recklessly!
You hit the cane toad.
You tail-slap the cane toad, but do no damage.
You feel sick.
The cane toad completely misses you. 😮 HP[-1]
You take 1 damage, and now have 72/103 hp.
You hit the cane toad but do no damage.
You feel sick. The cane toad completely misses you.
Unknown command. 😮 HP[-1]
You take 1 damage, and now have 71/103 hp.
You hit the cane toad but do no damage.
You feel sick.
You are too injured to fight recklessly!
Unknown command.
You feel sick. 😮 HP[-1]
You take 1 damage, and now have 70/103 hp.
You feel sick.
The cane toad closely misses you. 😮 HP[-1]
You take 1 damage, and now have 69/103 hp.
You hit the cane toad but do no damage.
You feel sick.
You barely miss the cane toad. The cane toad misses you.
You are too injured to fight recklessly!
You hit the cane toad but do no damage.
You feel sick.
The komodo dragon completely misses you.
You completely miss the cane toad. The cane toad stings you.
Unknown command.
The komodo dragon attacks as you move away!
The komodo dragon closely misses you.
You feel sick.
You feel sick.
The komodo dragon attacks as you move away!
The komodo dragon bites you!!
* * * LOW HITPOINT WARNING * * *
You feel sick. 😨 HP[-23]
You take 23 damage, and now have 46/103 hp.
MASSIVE DAMAGE!! (PAUSE)
You feel sick.
You are no longer poisoned.
Unknown command.
You hit the komodo dragon but do no damage.
The komodo dragon is poisoned.
The komodo dragon closely misses you. 😨 HP[+1]
You hit the komodo dragon but do no damage.
The komodo dragon looks even sicker.
Unknown command.
You hit the komodo dragon.
The komodo dragon looks as sick as possible!
The komodo dragon bites you!!
* * * LOW HITPOINT WARNING * * *
😨 HP[-21]
You take 21 damage, and now have 26/103 hp.
MASSIVE DAMAGE!! (PAUSE)
You puncture the komodo dragon! 😨 HP[+1]
You puncture the komodo dragon!
The komodo dragon looks as sick as possible!
The komodo dragon barely misses you.
You barely miss the komodo dragon. 😨 HP[+1] Unknown command.
You hit the komodo dragon but do no damage.
You tail-slap the komodo dragon. The komodo dragon barely misses you.
You barely miss the komodo dragon.
You tail-slap the komodo dragon. 😨 HP[+1]
You closely miss the komodo dragon. The komodo dragon bites you!!
* * * LOW HITPOINT WARNING * * *
Unknown command. 😱 HP[-25]
You take 25 damage, and now have 4/103 hp.
MASSIVE DAMAGE!! (PAUSE) Unknown command. 😱 HP[+2]
You regained 2 hp, and now have 6/103 hp.
Unknown command. 😱 HP[+1] Unknown command. 😱 HP[+1] Unknown command.
You hit the komodo dragon but do no damage.
The komodo dragon looks as sick as possible!
You tail-slap the komodo dragon, but do no damage. 😱 HP[+1]
You hit the komodo dragon but do no damage.
The komodo dragon looks as sick as possible!
The komodo dragon closely misses you.
Unknown command.
You hit the komodo dragon.
The komodo dragon looks as sick as possible! 😱 HP[+1] Unknown command.
You hit the komodo dragon but do no damage.
The komodo dragon bites you!
You die...

Skill      XL: |  1  2  3  4  5  6  7  8  9 10 11 12 |
---------------+-------------------------------------+-----
Dodging        | 3 4 5 6 8 10 11 12 | 12.2
Long Blades    | 4 5 6 7 9 11 12 | 12.0
Short Blades   | 2 3 4 6 7 8 |  8.0
Fighting       | 6 8 |  8.6
Maces & Flails | 4 6 |  6.4

Action                     |  1- 3 |  4- 6 |  7- 9 | 10-12 || total
---------------------------+-------+-------+-------+-------++-------
  Melee: Falchion          |    94 |     1 |       |       ||    95
         Tailslap          |    10 |    15 |    47 |   102 ||   174
         Punch             |     2 |       |     5 |     9 ||    16
         Short sword       |       |   145 |   306 |   438 ||   889
         Shillelagh        |       |       |       |   154 ||   154
 Invoke: Berserk           |     1 |       |     2 |     4 ||     7
         Trog's Hand       |       |       |       |     1 ||     1
Ability: Breathe Frost     |       |       |    12 |       ||    12
  Evoke: Wand              |       |       |       |     1 ||     1
    Use: Scroll            |       |     9 |     6 |     3 ||    18
         Potion            |       |       |       |     3 ||     3
   Stab: Sleeping          |     1 |     1 |       |     2 ||     4
         Distracted        |       |       |       |     1 ||     1
 Armour: Skin              |    42 |    28 |    77 |   108 ||   255
  Dodge: Dodged            |    72 |    70 |   210 |   496 ||   848

Levels and vault maps discovered:
D:1:      lightli_arrival_statue_moat, layout_basic, minmay_misc_feat_pillars,
          minivault_11
D:2:      layout_basic, uniq_natasha, uniq_terence
D:3:      minmay_razor_zed, layout_basic
D:4:      minmay_evil_eye, layout_loops_cross, dancing_weapons_uskayaw
D:5:      layout_basic, minmay_temple_entry_grid, serial_shops, shop_coins,
          uniq_crazy_yiuf_cottage, uniq_menkaure
D:6:      cheibrodos_helix_gallery, layout_loops_corners,
          kiku_gazebo_pond_becter, nicolae_dithmenos_through_a_glass_darkly,
          nicolae_qazlal_eye_of_the_storm, chequers_serial_rivers_small_b
D:7:      layout_loops_ring, mainiacjoe_overflow_boulevard
D:8:      layout_layer_cave, uniq_prince_ribbit1, uniq_amaemon
D:9:      layout_basic, nicolae_overflow_quartered_altars,
          mainiacjoe_overflow_small_starburst, lair_entry_dummy, serial_glass,
          glass_columns_c, glass_columns_b, serial_shops, kennysheep_mini_moat,
          guppyfry_early_elven_hall
D:10:     layout_loops_cross, muffindrake_ghost_dual_entry, moated_statue,
          minmay_misc_feat_plants
D:11:     layout_basic, portal_ice_cave_rime, st_stairs_14, uniq_psyche,
          uniq_josephine
Temple:   hellmonk_temple_flake
Lair:1:   layout_chaotic_city, serial_bayou_pond_c, infiniplex_staircase_pool
Lair:2:   layout_long_grid, nicolae_spider_entry_non_spiders,
          lightli_volcano_entry_magma_tube, hibernation_bobbens
Lair:3:   layout_regular_city, nicolae_shoals_entry_roost,
          minmay_lair_oklob_items, grunt_megastairs_1, serial_bayou_shore_a
Spider:1: layout_chambers, ebering_ghost_disaster_area

Notes
Turn   | Place    | Note
-------+----------+-------------------------------------------
     0 | D:1      | ytrimaz the Draconian Berserker began the quest for the
                  | Orb.
     0 | D:1      | Reached XP level 1. HP: 19/19 MP: 1/1
     0 | D:1      | magus.rc [v1.9.6]
    73 | D:1      | HP: 4/19 [frozen (2)]
   297 | D:1      | Reached XP level 2. HP: 26/26 MP: 2/2
   449 | D:1      | Reached skill level 3 in Dodging
  1037 | D:2      | Reached XP level 3. HP: 31/33 MP: 3/3
  1081 | D:2      | Reached ** piety under Trog
  1181 | D:2      | Noticed Terence
  1197 | D:2      | Killed Terence
  1198 | D:2      | Reached XP level 4. HP: 40/40 MP: 4/4
  1231 | D:2      | Reached skill level 4 in Long Blades
  1287 | D:2      | Noticed Natasha
  1295 | D:2      | Killed Natasha
  1747 | D:3      | Reached XP level 5. HP: 46/46 MP: 5/5
  1821 | D:3      | Reached skill level 4 in Dodging
  2037 | D:3      | Reached skill level 1 in Short Blades
  2382 | D:3      | Reached *** piety under Trog
  2682 | D:4      | Noticed a phantom
  2694 | D:4      | Killed a phantom
  2695 | D:4      | Reached skill level 2 in Short Blades
  2695 | D:4      | Reached XP level 6. HP: 52/52 MP: 6/6
  2973 | D:4      | Noticed a +0 hand axe
  2974 | D:4      | Noticed a +0 dagger
  2976 | D:4      | Found a hide-covered altar of Uskayaw.
  3122 | D:4      | Reached skill level 5 in Long Blades
  3328 | D:5      | Entered Level 5 of the Dungeon
  3335 | D:5      | Reached skill level 3 in Short Blades
  3346 | D:5      | Reached skill level 5 in Dodging
  3346 | D:5      | Your scales start taking on an icy white colour.
  3346 | D:5      | Reached XP level 7. HP: 50/58 MP: 7/7
  3346 | D:5      | Gained mutation: Your flesh is cold resistant. (rC+) [White
                  | Draconian growth]
  3437 | D:5      | Found Ahaser's Armour Boutique.
  3655 | D:5      | Reached skill level 4 in Short Blades
  3655 | D:5      | Reached skill level 6 in Long Blades
  3821 | D:5      | Found a staircase to the Ecumenical Temple.
  3826 | D:5      | Noticed Menkaure
  3836 | D:5      | Killed Menkaure
  3837 | D:5      | Reached XP level 8. HP: 45/66 MP: 8/8
  3848 | Temple   | Entered the Ecumenical Temple
  4030 | D:5      | Reached **** piety under Trog
  4043 | D:5      | Found a runed translucent door.
  4044 | D:5      | Noticed Crazy Yiuf
  4139 | D:5      | Killed Crazy Yiuf
  4204 | D:6      | Reached skill level 6 in Dodging
  4271 | D:6      | Reached skill level 5 in Short Blades
  4306 | D:6      | Found an ancient bone altar of Kikubaaqudgha.
  4474 | D:6      | Reached skill level 7 in Long Blades
  4604 | D:6      | Found a stormy altar of Qazlal.
  5231 | D:6      | Found a shadowy altar of Dithmenos.
  5431 | D:7      | Reached skill level 6 in Short Blades
  5449 | D:7      | Reached XP level 9. HP: 46/71 MP: 9/9
  5465 | D:7      | Reached skill level 7 in Dodging
  5570 | D:7      | Found a shimmering altar of Xom.
  5673 | D:7      | Reached skill level 8 in Long Blades
  6321 | D:8      | Reached skill level 7 in Short Blades
  6465 | D:8      | Noticed Prince Ribbit
  6477 | D:8      | Killed Prince Ribbit
  6518 | D:8      | Noticed Amaemon
  6518 | D:8      | Noticed an orange demon
  6546 | D:8      | Killed an orange demon
  6547 | D:8      | Reached skill level 8 in Dodging
  6696 | D:8      | Killed Amaemon
  6697 | D:8      | Reached skill level 9 in Long Blades
  6697 | D:8      | Reached XP level 10. HP: 78/78 MP: 10/10
  7072 | D:9      | Reached skill level 8 in Short Blades
  7180 | D:9      | Found a sparkling altar of Nemelex Xobeh.
  7180 | D:9      | Found a broken altar of Ashenzari.
  7181 | D:9      | Found a hazy altar of Hepliaklqana.
  7197 | D:9      | Found a sacrificial altar of Ru.
  7297 | D:9      | Found a staircase to the Lair.
  7481 | D:9      | Reached ***** piety under Trog
  7484 | D:9      | Found Jyall's Armour Boutique.
  7601 | D:9      | Identified the +1 scale mail of Sotoewk {Str+2}
  7706 | D:9      | Found a white marble altar of Elyvilon.
  7975 | D:9      | Noticed a deep elf zephyrmancer
  7982 | D:9      | Killed a deep elf zephyrmancer
  7983 | D:9      | Reached skill level 9 in Dodging
  8052 | D:9      | Found a staircase to the Orcish Mines.
  8112 | D:10     | Entered Level 10 of the Dungeon
  8147 | D:10     | Reached skill level 10 in Long Blades
  8153 | D:10     | Identified the +2 helmet of Mumblety Peg {Contam rCorr
                  | Str-2 Int+9}
  8368 | D:10     | Noticed cforsyth's ghost (journeyman TeSu)
  8368 | D:10     | Noticed a lich
  8369 | D:10     | Found the +3 salamander hide armour {Flames, rFlCloud rF++
                  | rC--}
  8369 | D:10     | Noticed a necromancer
  8444 | D:10     | Found a runed translucent door.
  8444 | D:10     | Noticed a skeletal warrior
  8444 | D:10     | Noticed a fire dragon
  8444 | D:10     | Noticed an ogre mage
  8446 | D:10     | Found a runed translucent door.
  8983 | D:11     | Reached skill level 10 in Dodging
  8992 | D:11     | Found a frozen archway.
  9021 | IceCv    | Entered an ice cave
  9085 | D:11     | Reached skill level 11 in Long Blades
  9085 | D:11     | Reached XP level 11. HP: 28/83 MP: 11/11
  9152 | D:11     | Noticed Psyche
  9299 | Lair:1   | Entered Level 1 of the Lair of Beasts
 10021 | Lair:1   | Reached skill level 4 in Fighting
 10201 | Lair:2   | Found a hole to the Spider Nest.
 10201 | Lair:2   | Found the +6 shillelagh "Devastator" {shatter}
 10234 | Lair:2   | HP: 14/84 [yak (12)]
 10247 | Lair:2   | HP: 28/127 [yak (11)]
 10336 | Lair:2   | Reached skill level 1 in Maces & Flails
 10391 | Lair:2   | Reached skill level 5 in Fighting
 10530 | Lair:2   | Reached skill level 2 in Maces & Flails
 10530 | Lair:2   | Reached skill level 11 in Dodging
 10530 | Lair:2   | Received a gift from Trog
 10531 | Lair:2   | Reached skill level 12 in Long Blades
 10660 | Lair:2   | HP: 21/89 [black mamba (16)]
 10664 | Lair:2   | Reached skill level 3 in Maces & Flails
 10801 | Lair:2   | Reached skill level 6 in Fighting
 11383 | Lair:2   | Reached skill level 4 in Maces & Flails
 11383 | Lair:2   | Reached XP level 12. HP: 97/97 MP: 12/12
 11390 | Spider:1 | Entered Level 1 of the Spider Nest
 11390 | Spider:1 | Noticed a radroach
 11427 | Lair:3   | Reached skill level 7 in Fighting
 11438 | Lair:3   | Reached skill level 5 in Maces & Flails
 11692 | Lair:3   | Noticed a five-headed hydra
 11879 | Lair:3   | Found a staircase to the Shoals.
 11900 | Lair:3   | Reached skill level 8 in Fighting
 11900 | Lair:3   | Reached skill level 12 in Dodging
 11901 | Lair:3   | Reached skill level 6 in Maces & Flails
 11906 | Lair:3   | HP: 19/102 [blink frog (30)]
 11909 | Lair:3   | HP: 7/103 [dream sheep (17)]
 12307 | Lair:3   | HP: 4/103 [komodo dragon (25)]
 12314 | Lair:3   | Slain by a komodo dragon

Vanquished Creatures
  Amaemon (D:8)
  2 harpies (Lair:3)
  A deep elf zephyrmancer (D:9)
  5 elephants
  6 black mambas
  An orange demon (D:8)
  5 cane toads
  4 komodo dragons
  2 rime drakes (D:11)
  2 trolls
  Prince Ribbit (D:8)
  4 dream sheep (Lair:3)
  7 blink frogs
  A vampire (D:11)
  2 shadows
  2 wraiths (D:10)
  2 wyverns
  30 yaks
  Menkaure (D:5)
  2 steam dragons
  5 water moccasins
  3 orc warriors
  An ice beast (D:7)
  A sky beast (D:7)
  11 wolves
  2 black bears
  An ogre (D:5)
  5 centaurs
  A phantom (D:4)
  2 kobold brigands
  2 gnoll sergeants (D:7)
  3 bullfrogs
  10 scorpions
  A necrophage (D:8)
  6 wights
  2 howler monkeys
  7 orc priests
  Terence (D:2)
  5 hounds
  2 jellies
  A gnoll bouda (D:9)
  Crazy Yiuf (D:5)
  3 iguanas
  12 orc wizards
  Natasha (D:2)
  12 gnolls
  12 adders
  2 shadow imps
  2 ufetubi (D:6)
  3 worms
  2 dart slugs
  27 orcs
  9 endoplasms
  10 giant cockroaches
  6 hobgoblins
  2 jackals (D:3)
  17 kobolds
  5 quokkas
  8 ball pythons
  7 bats
  2 frilled lizards
  8 goblins
  3 rats
307 creatures vanquished.

Vanquished Creatures (others)
  17 fungi
  27 plants
44 creatures vanquished.

Grand Total: 351 creatures vanquished

Table legend:
 A = Non-vault XP
 B = Vault XP
 C = Vault XP percentage of total XP
 D = Non-vault monster count
 E = Vault monster count
 F = Vault count percentage of total count
                 A         B        C        D         E       F
            +---------+---------+-------+---------+---------+-------
      Total |   26495 |    5549 |  17.3 |     271 |      36 |  11.7
            +---------+---------+-------+---------+---------+-------
        D:1 |      36 |       0 |   0.0 |      21 |       0 |   0.0
        D:2 |      71 |      75 |  51.4 |      19 |       2 |   9.5
        D:3 |     108 |      28 |  20.6 |      17 |       8 |  32.0
        D:4 |     263 |       8 |   3.0 |      16 |       4 |  20.0
        D:5 |     839 |     208 |  19.9 |      19 |       2 |   9.5
        D:6 |     873 |     132 |  13.1 |      28 |       2 |   6.7
        D:7 |    1234 |       0 |   0.0 |      27 |       0 |   0.0
        D:8 |     565 |    1478 |  72.3 |      11 |       3 |  21.4
        D:9 |    1050 |     574 |  35.3 |      17 |       1 |   5.6
       D:10 |    2348 |       0 |   0.0 |      16 |       0 |   0.0
       D:11 |     970 |     715 |  42.4 |       8 |       2 |  20.0
     Lair:1 |    2311 |       0 |   0.0 |       9 |       0 |   0.0
     Lair:2 |    7193 |     806 |  10.1 |      29 |       9 |  23.7
     Lair:3 |    8634 |    1525 |  15.0 |      34 |       3 |   8.1
            +---------+---------+-------+---------+---------+-------

Illustrated notes

Table legend:
 A = Kills in this place as a percentage of kills in entire the game.
 B = Kills by you in this place as a percentage of kills by you in the entire game.
 C = Kills by friends in this place as a percentage of kills by friends in the entire game.
 D = Other kills in this place as a percentage of other kills in the entire game.
 E = Experience gained in this place as a percentage of experience gained in the entire game.
 F = Experience gained in this place divided by the number of levels of this place that you have seen.
                   A       B       C       D       E      F
               +-------+-------+-------+-------+-------+----------------------
         Total | 100.0 | 100.0 |   N/A |   N/A | 100.0 | 1884.9
       Dungeon |  72.6 |  72.6 |   N/A |   N/A |  36.1 | 1052.3
          Lair |  27.4 |  27.4 |   N/A |   N/A |  63.9 | 6823.0
               +-------+-------+-------+-------+-------+----------------------

Table legend: (Time is in decaauts)
 A = Elapsed time spent in this place.
 B = Non-inter-level travel time spent in this place.
 C = Inter-level travel time spent in this place.
 D = Time resting spent in this place.
 E = Time spent auto-exploring this place.
 F = Levels seen in this place.
 G = Mean time per level.
                   A        B        C        D        E       F      G
               +--------+--------+--------+--------+--------+-----+--------+
         Total |  12072 |  11697 |    375 |    194 |   9179 |  17 |  710.1 |
       Dungeon |   8915 |   8609 |    306 |     42 |   6813 |  11 |  810.5 |
        Temple |    173 |    164 |      9 |      0 |    148 |   1 |  173.0 |
          Lair |   2976 |   2916 |     60 |    152 |   2217 |   3 |  992.0 |
   Spider Nest |      1 |      1 |      0 |      0 |      0 |   1 |    1.0 |
      Ice Cave |      5 |      5 |      0 |      0 |      0 |   1 |    5.0 |
               +--------+--------+--------+--------+--------+-----+--------+

Top non-repeatable levels by time:
  Lair:2: 1259 daAuts
     D:6: 1157 daAuts
     D:9: 1020 daAuts
     D:1: 989 daAuts
     D:3: 934 daAuts
  Lair:3: 904 daAuts
     D:7: 828 daAuts
    D:10: 823 daAuts
  Lair:1: 811 daAuts
     D:8: 803 daAuts
     D:2: 778 daAuts
     D:5: 661 daAuts
     D:4: 639 daAuts
    D:11: 278 daAuts
  Temple: 173 daAuts
